 Dungeon Crawl Stone Soup version 0.25.1-2-g60ff931df9 (webtiles) character file.

Game seed: 7755842485281145641

123 gruber the Charlatan (level 4, 7/21 HPs)
             Began as a Spriggan Artificer on Oct 17, 2020.
             Quit the game on level 2 of the Dungeon.
             The game lasted 00:01:45 (2127 turns).

gruber the Charlatan (Spriggan Artificer)           Turns: 2127, Time: 00:01:45

Health: 7/21       AC:  2    Str:  8    XL:     4   Next: 79%
Magic:  10/10      EV: 18    Int: 13    God:
Gold:   77         SH:  0    Dex: 16    Spells: 3/3 levels left

rFire    . . .     SeeInvis +   a - +0 short sword
rCold    . . .     Gourm    .   (shield restricted)
rNeg     . . .     Faith    .   b - +0 robe
rPois    .         Spirit   .   (helmet restricted)
rElec    .         Reflect  .   (no cloak)
rCorr    .         Harm     .   (gloves unavailable)
MR       .....                  (boots unavailable)
Stlth    ++........             (no amulet)
HPRegen  0.07/turn              (no ring)
MPRegen  0.12/turn              (no ring)

@: lethally poisoned (7 -> -2), very quick
A: very small, unfitting armour, see invisible, herbivore, speed 3, slow
metabolism 2
a: no special abilities


You were on level 2 of the Dungeon.
You were not hungry.

You visited 1 branch of the dungeon, and saw 2 of its levels.

You collected 77 gold pieces.

Inventory:

Hand Weapons
 a - a +0 short sword (weapon)
Armour
 b - a +0 robe (worn)
Jewellery
 l - an uncursed amulet of guardian spirit {unknown}
Wands
 c - a wand of flame (8)
 d - a wand of enslavement (15)
 e - a wand of random effects (9)
Scrolls
 g - 3 scrolls of identify {unknown}
 i - a scroll of immolation {unknown}
 k - a scroll of amnesia {unknown}
Potions
 h - 2 potions of lignification {unknown}
 j - a potion of degeneration {unknown}
Comestibles
 f - 3 rations


   Skills:
 - Level 0.7 Fighting
 - Level 1.1 Short Blades
 - Level 3.0 Dodging
 - Level 1.5 Stealth
 + Level 7.4 Evocations


You had 3 spell levels left.
You didn't know any spells.
Your spell library was empty.

Dungeon Overview and Level Annotations

Branches:
Dungeon (2/15)

Altars:
Makhleb


Innate Abilities, Weirdness & Mutations

You are very small and have problems with some larger weapons.
You are too small for most types of armour.
You have supernaturally acute eyesight. (SInv)
You are a herbivore.
You cover ground extremely quickly.
You need to consume almost no food.


Message History

You feel sick. The adder bites you. The adder bites you but does no damage.
Evoke which item? (* to show all) (? for menu, Esc to quit)
Aiming: Throw Flame
Press: ? - help, Shift-Dir - straight line, f - adder
Aim: an adder (moderately wounded)
The puff of flame hits the adder.
The adder is almost dead.
You feel sick. The adder closely misses you.
Unknown command.
Unknown command.
Evoke which item? (* to show all) (? for menu, Esc to quit)
Aiming: Throw Flame
Press: ? - help, Shift-Dir - straight line, f/p - adder
Aim: an adder (almost dead)
The puff of flame hits the adder!
You kill the adder!
You feel sick.
Unknown command.
Unknown command.
Are you sure you want to abandon this character and quit the game? (Confirm with "yes".)

#
#.##########.......#
. #.# #.....#.# #
..# #..####.# #.#
#..# #.# #.# #..#
#.# ###..# #.# ....#
#.# ##.#####.######
#.@............
#†#####..#####. #..
#[.# #.. ...# ...
#### ##.. #.. #..


There were no monsters in sight!

Vanquished Creatures
  A worker ant (D:2)
  Natasha (twice) (D:2)
  An adder (D:2)
  3 dart slugs (D:1)
  A leopard gecko (D:1)
  2 giant cockroaches (D:1)
  3 goblins (D:1)
  5 hobgoblins
  3 ball pythons (D:1)
  5 bats (D:1)
  A frilled lizard (D:2)
  A kobold (D:2)
  6 rats
34 creatures vanquished.

Notes
Turn   | Place    | Note
-------+----------+-------------------------------------------
     0 | D:1      | gruber the Spriggan Artificer began the quest for the Orb.
     0 | D:1      | Reached XP level 1. HP: 9/9 MP: 4/4
   240 | D:1      | Reached XP level 2. HP: 12/14 MP: 6/6
   432 | D:1      | Reached skill level 5 in Evocations
   928 | D:1      | Reached XP level 3. HP: 16/17 MP: 8/8
  1513 | D:2      | Reached skill level 6 in Evocations
  1656 | D:2      | Noticed Natasha
  1665 | D:2      | Killed Natasha
  1665 | D:2      | Reached XP level 4. HP: 6/21 MP: 10/10
  1713 | D:2      | Noticed Natasha
  1978 | D:2      | Killed Natasha
  1978 | D:2      | Reached skill level 7 in Evocations
  2088 | D:2      | Found a burning altar of Makhleb.
  2127 | D:2      | Quit the game

Illustrated notes

Levels and vault maps discovered:
D:1:      saegor_arrival_simple_a, layout_basic, minmay_door_square,
          chequers_serial_rivers_large_a, minmay_hedge_maze
D:2:      layout_loops_ring, overflow_temple_1_default, uniq_natasha

Skill      XL: |  1  2  3  4 |
---------------+-------------+-----
Evocations     | 5 6 7 |  7.4
Fighting       | |  0.7
Short Blades   | |  1.1
Dodging        | |  3.0
Stealth        | |  1.5

Action                   |  1- 3 |  4- 6 || total
-------------------------+-------+-------++-------
Melee: Short sword       |   128 |    18 ||   146
Evoke: Wand              |    10 |     3 ||    13
 Stab: Paralysed         |     3 |       ||     3
       Sleeping          |     2 |     1 ||     3
Armor: Robe              |    14 |     1 ||    15
Dodge: Dodged            |   106 |    13 ||   119
